 Dungeon Crawl Stone Soup version 0.30.1-11-g7821555f0a (webtiles) character file.

Game seed: 16348818330433900212

1899 Avanven the Skirmisher (level 9, -13/48 HPs)
             Began as a Tengu Hunter on Nov 15, 2023.
             Was a Believer of Okawaru.
             Mangled by a shadow (30 damage)
             ... on level 6 of the Dungeon.
             The game lasted 00:14:08 (5410 turns).

Avanven the Skirmisher (Tengu Hunter)               Turns: 5410, Time: 00:14:09

Health: -13/48     AC:  4    Str: 11    XL:     9   Next: 15%
Magic:  10/10      EV: 19    Int: 11    God:    Okawaru [**....]
Gold:   315        SH:  0    Dex: 21    Spells: 5/8 levels left

rFire   . . .        a - +3 shortbow (freeze)
rCold   . . .        (shield currently unavailable)
rNeg    . . .        c - +1 leather armour
rPois   .            (helmet restricted)
rElec   .            (no cloak)
rCorr   .            (no gloves)
SInv    .            (boots unavailable)
Will    .....        (no amulet)
Stlth   ++           (no ring)
HPRegen 0.28/turn    (no ring)
MPRegen 0.12/turn

%: no passive effects
@: flying quickly and evasively, quick
A: beak, talons 3, nimble flight
a: Renounce Religion, Heroism


You were on level 6 of the Dungeon.
You worshipped Okawaru.
Okawaru was pleased with you.
You visited 2 branches of the dungeon, and saw 7 of its levels.
You also visited: Sewer.

You collected 315 gold pieces.

Inventory:

Hand Weapons
 a - a +3 shortbow of freezing (weapon)
Armour
 c - a +1 leather armour (worn)
Jewellery
 e - a +6 ring of strength
 i - a ring of ice
 m - an amulet of faith
 n - an amulet of regeneration
Wands
 q - a wand of polymorph (5)
 v - a wand of light (8)
Scrolls
 b - 3 scrolls of immolation
 d - a scroll of magic mapping
 g - a scroll of amnesia
 r - a scroll of silence
 x - a scroll of enchant armour
 y - 2 scrolls of blinking
Potions
 h - a potion of mutation
 j - 3 potions of cancellation
 k - 2 potions of resistance
 l - a potion of might
 o - 2 potions of heal wounds
 p - 3 potions of lignification
 s - 2 potions of attraction
 t - a potion of flight {unknown}
 u - a potion of brilliance
 z - a potion of invisibility {unknown}
 A - a potion of haste {unknown}
 B - a potion of degeneration {unknown}


   Skills:
 - Level 2.0 Fighting
 * Level 10.6 Ranged Weapons
 + Level 7.1 Dodging
 - Level 1.0 Stealth
 + Level 5.4 Air Magic


You had 5 spell levels left.
You knew the following spells:

 Your Spells              Type           Power      Damage    Failure   Level
a - Swiftness             Air            11%        N/A       16%         3

Your spell library contained the following spells:

 Spells                   Type           Power      Damage    Failure   Level
 Shock                    Conj/Air       20%        1d4       16%         1
 Apportation              Tloc           0%         N/A       43%         1
 Beastly Appendage        Tmut           0%         N/A       43%         1
 Foxfire                  Conj/Fire      0%         2x1d4     43%         1
 Magic Dart               Conj           0%         1d3       43%         1
 Necrotise                Necr           0%         1d4       43%         1
 Airstrike                Air            5%         2d(1-17)  45%         4
 Ensorcelled Hibernation  Hex/Ice        0%         N/A       56%         2
 Searing Ray              Conj           0%         2d4       56%         2
 Mephitic Cloud           Conj/Pois/Air  3%         N/A       56%         3
 Spider Form              Tmut/Pois      0%         N/A       80%         3
 Vampiric Draining        Necr           0%         2d6       80%         3
 Anguish                  Hex/Necr       0%         N/A       99%         4
 Fulminant Prism          Conj/Hex       0%         3d5       99%         4
 Agony                    Necr           0%         N/A       100%        5
 Ozocubu's Refrigeration  Ice            0%         4d7       100%        7
 Polar Vortex             Ice            0%         N/A       100%        9
 Call Imp                 Summ           Unusable   N/A       N/A         2
 Simulacrum               Ice/Necr       Unusable   N/A       N/A         6

Dungeon Overview and Level Annotations

Branches:
Dungeon (6/15)             Temple (1/1) D:5           Sewer (visited)

Altars:
Ashenzari
Cheibriados
Dithmenos
Elyvilon
Fedhas
Gozag
Hepliaklqana
Kikubaaqudgha
Makhleb
Nemelex Xobeh
Okawaru
Qazlal
Sif Muna
Trog
Uskayaw
Vehumet
Wu Jian
Xom
Zin
The Shining One

Annotations:
D:4 Pikel


Innate Abilities, Weirdness & Mutations

You have a beak for a mouth.
You have claws for feet.
Your magical nature lets you fly swiftly and evasively.


Message History

You shoot an arrow. The arrow hits the black bear.
The arrow freezes the black bear.
The black bear is moderately wounded.
You shoot an arrow. You shoot an arrow.
The arrow closely misses the black bear.
The shadow strikes at you from the darkness!
Reactivating autopickup.
You shoot an arrow. The arrow closely misses the shadow.
The arrow hits the black bear!
The arrow freezes the black bear.
The black bear is severely wounded.
The shadow completely misses you.
You shoot an arrow.
The arrow hits the shadow but does no damage.
The shadow closely misses you.
You shoot an arrow.
The arrow closely misses the black bear.
The shadow hits you!
You shoot an arrow. The arrow hits the black bear!
The arrow freezes the black bear.
You kill the black bear!
Okawaru accepts your kill.
The shadow slips into darkness.
The shadow flickers and vanishes!
Deactivating autopickup; reactivate with Ctrl-A.
You shoot an arrow.
The shadow strikes at you from the darkness!
Reactivating autopickup.
You shoot an arrow.
The arrow hits the shadow but does no damage.
The shadow hits you!
You shoot an arrow. The arrow hits the shadow.
The shadow is lightly damaged.
The shadow slips into darkness.
The shadow flickers and vanishes!
Deactivating autopickup; reactivate with Ctrl-A.
You shoot an arrow.
The shadow strikes at you from the darkness!
Ouch! That really hurt!
You die...

#.........## ###
#..........# #..
##.........## #..
#..........# ##.
#..........### #.
##...........## ##
#............### #
##.............###
##@###..........###
#{...............#
#.###.............
#.#######.........
*#....#* ##........
#......#* #........
*#.......#
##.......
*........#*
#.......
#.........#
##......


There were no monsters in sight!

Vanquished Creatures
  Grinder (D:3)
  A water moccasin (D:6)
  2 black bears
  3 ogres
  A lemure (D:4)
  A phantom (D:5)
  2 kobold brigands (Sewer)
  A bullfrog (D:6)
  A gnoll sergeant (D:6)
  4 scorpions
  2 orc priests
  A jelly (D:3)
  A gnoll bouda (D:6)
  A hound (D:5)
  2 iguanas
  3 orc wizards
  7 gnolls (D:6)
  6 adders
  9 river rats
  2 ufetubi
  2 worms
  2 dart slugs
  14 orcs
  8 ball pythons
  3 bats
  2 endoplasms
  2 giant cockroaches
  5 goblins
  5 hobgoblins
  3 jackals (D:5)
  24 kobolds
  4 quokkas
  2 frilled lizards (D:1)
  19 rats
146 creatures vanquished.

Notes
Turn   | Place    | Note
-------+----------+-------------------------------------------
     0 | D:1      | Avanven the Tengu Hunter began the quest for the Orb.
     0 | D:1      | Reached XP level 1. HP: 12/12 MP: 2/2
   127 | D:1      | Found a faded altar of an unknown god.
   338 | D:1      | Reached XP level 2. HP: 17/17 MP: 3/3
   663 | D:2      | Reached skill level 5 in Ranged Weapons
   875 | D:2      | Reached XP level 3. HP: 21/21 MP: 4/4
  1243 | D:2      | Got A Beginning Course on Casting
  1528 | D:3      | Noticed Grinder
  1552 | D:3      | Killed Grinder
  1553 | D:3      | Reached skill level 6 in Ranged Weapons
  1553 | D:3      | Reached XP level 4. HP: 26/26 MP: 5/5
  1553 | D:3      | Gained mutation: Your magical nature lets you fly swiftly
                  | and evasively. [Tengu growth]
  1553 | D:3      | Reached XP level 5. HP: 30/30 MP: 6/6
  1553 | D:3      | Reached XP level 6. HP: 35/35 MP: 7/7
  1769 | D:3      | Found a glowing drain.
  1787 | D:3      | Reached skill level 7 in Ranged Weapons
  1792 | Sewer    | Entered a sewer
  2338 | Sewer    | Reached skill level 5 in Dodging
  2338 | Sewer    | Reached XP level 7. HP: 40/40 MP: 8/8
  2536 | D:3      | Reached skill level 8 in Ranged Weapons
  3209 | D:4      | Learned a level 3 spell: Swiftness
  3363 | D:4      | Noticed Pikel
  3671 | D:4      | Reached skill level 1 in Air Magic
  3973 | D:5      | Entered Level 5 of the Dungeon
  4150 | D:5      | Found a shimmering blue altar of Sif Muna.
  4205 | D:5      | Reached XP level 8. HP: 44/44 MP: 9/9
  4211 | D:5      | Found a staircase to the Ecumenical Temple.
  4219 | Temple   | Entered the Ecumenical Temple
  4227 | Temple   | Became a worshipper of Warmaster Okawaru
  4264 | D:5      | Reached skill level 9 in Ranged Weapons
  4677 | D:6      | Reached * piety under Okawaru
  4748 | D:6      | Found a white marble altar of Elyvilon.
  4749 | D:6      | Found a broken altar of Ashenzari.
  4958 | D:6      | Reached skill level 10 in Ranged Weapons
  5034 | D:6      | Reached XP level 9. HP: 48/48 MP: 7/10
  5036 | D:6      | Reached skill level 5 in Air Magic
  5044 | D:6      | Reached ** piety under Okawaru
  5410 | D:6      | Mangled by a shadow

Illustrated notes

Levels and vault maps discovered:
D:1:      matt_arrival_los_fun, layout_loops_cross,
          dreamdust_ecumenical_altar_statues
D:2:      layout_loops_cross
D:3:      layout_loops_corners, cheibrodos_sewer_entry_sluice, uniq_grinder
D:4:      layout_gridville, uniq_pikel
D:5:      layout_gridville, mainiacjoe_overflow_chevrons,
          minmay_temple_entry_glassed_door, moated_statue
D:6:      layout_cave_pods, nicolae_overflow_squiral
Temple:   sentei_temple_godly_chess

Skill      XL: |  1  2  3  4  5  6  7  8  9 |
---------------+----------------------------+-----
Ranged Weapons | 5 6 7 8 10 | 10.6
Dodging        | 4 5 6 7 |  7.1
Air Magic      | 2 4 5 |  5.4
Fighting       | |  2.0
Stealth        | |  1.0

Action                     |  1- 3 |  4- 6 |  7- 9 || total
---------------------------+-------+-------+-------++-------
   Fire: Shortbow          |    90 |   151 |   239 ||   480
   Cast: Swiftness         |       |       |     1 ||     1
    Use: Potion            |     2 |       |       ||     2
         Scroll            |       |       |    21 ||    21
 Armour: Leather armour    |     6 |     4 |    13 ||    23
  Dodge: Dodged            |    16 |    41 |    42 ||    99
